 Dungeon Crawl Stone Soup version 0.30-a0-778-g2ef04afb54 (webtiles) character file.

Game seed: 7602255600089552320

455 Newt the Chopper (level 6, -10/48 HPs)
             Began as a Demonspawn Gladiator on Feb 16, 2023.
             Mangled by an ogre
             ... wielding a +0 giant club
              (27 damage)
             ... on level 4 of the Dungeon.
             The game lasted 00:04:03 (3506 turns).

Newt the Chopper (Demonspawn Gladiator)             Turns: 3506, Time: 00:04:04

Health: -10/48     AC: 13    Str: 16    XL:     6   Next: 76%
Magic:  6/6        EV: 12    Int: 15    God:
Gold:   1245       SH:  0    Dex: 15    Spells: 5/5 levels left

rFire   . . .      SeeInvis .    i - +0 hand axe (heavy)
rCold   . . .      Faith    .    (no shield)
rNeg    . . .      Spirit   .    p - +0 troll leather armour {Pargi}
rPois   .          Reflect  .    c - +1 helmet
rElec   .          Harm     .    (no cloak)
rCorr   .          Rampage  .    (no gloves)
Will    .....                    (no boots)
Stlth   ++                       z - amulet of regeneration
HPRegen 1.88/turn                g - +6 ring of intelligence
MPRegen 0.10/turn                q - +4 ring of protection

@: no status effects
A: claws 2, yellow scales 2
a: no special abilities


You were on level 4 of the Dungeon.
You visited 1 branch of the dungeon, and saw 4 of its levels.
You also visited: Sewer.

You collected 1245 gold pieces.

Inventory:

Hand Weapons
 a - a +0 rapier
 i - a +0 heavy hand axe (weapon)
Missiles
 d - a throwing net (quivered)
 e - a javelin
 n - 3 poisoned darts
Armour
 b - a +0 leather armour
 c - a +1 helmet (worn)
 p - a +0 troll leather armour (worn) {Pargi}
Jewellery
 g - a +6 ring of intelligence (left claw)
 q - a +4 ring of protection (right claw)
 z - an amulet of regeneration (around neck)
Wands
 y - a wand of charming (17)
Scrolls
 f - 2 scrolls of teleportation
 j - a scroll of silence
 u - a scroll of enchant armour
Potions
 h - a potion of mutation {unknown}
 k - a potion of heal wounds {unknown}
 l - a potion of flight {unknown}
 m - a potion of ambrosia {unknown}
 o - 2 potions of curing {unknown}
 r - a potion of berserk rage
 t - a potion of haste {unknown}
 v - a potion of invisibility {unknown}
 w - a potion of degeneration {unknown}
 A - a potion of brilliance {unknown}


   Skills:
 - Level 4.0 Fighting
 - Level 2.6 Short Blades
 + Level 5.2 Axes
 - Level 1.7 Throwing
 - Level 2.6 Dodging
 - Level 1.5 Stealth


You had 5 spell levels left.
You didn't know any spells.
Your spell library contained the following spells:

 Spells                   Type           Power      Damage    Failure   Level
 Freeze                   Ice            0%         1d3       32%         1
 Kiss of Death            Conj/Necr      0%         2d5       32%         1
 Sandblast                Erth           0%         2d4       32%         1
 Summon Small Mammal      Summ           0%         N/A       32%         1
 Confusing Touch          Hex            0%         N/A       69%         3
 Frozen Ramparts          Ice            0%         1d1       69%         3
 Dispel Undead            Necr           0%         3d6       97%         4
 Ice Form                 Ice/Tmut       0%         N/A       97%         4
 Summon Ice Beast         Ice/Summ       0%         N/A       97%         4
 Summon Lightning Spire   Summ/Air       0%         N/A       97%         4
 Storm Form               Tmut/Air       0%         N/A       100%        7
 Maxwell's Capacitive Co  Air            0%         ∞         100%        8


Dungeon Overview and Level Annotations

Branches:
Dungeon (4/15)              Sewer (visited)
 Temple: D:4-7

Altars:
Makhleb
Sif Muna


Innate Abilities, Weirdness & Mutations

You have very sharp fingernails.
You are mostly covered in yellow scales. (AC +3)


Message History

The iguana is heavily wounded.
You hit the ogre. The ogre barely misses you. The iguana closely misses you.
The iguana bites you but does no damage.
You hit the iguana but do no damage.
The iguana is moderately wounded.
You slash the ogre! The ogre closely misses you. The iguana closely misses you.
You hit the iguana.
The iguana is severely wounded.
You completely miss the ogre. The ogre barely misses you.
The iguana bites you. x2
You closely miss the iguana.
The iguana is severely wounded.
You hit the ogre. You hit the goblin. The ogre hits you with a +0 giant club!
The goblin hits you but does no damage. The iguana barely misses you.
You are too injured to fight recklessly!
There are monsters nearby!
There are monsters nearby!
You are too injured to fight recklessly!
You are too injured to fight recklessly!
You are too injured to fight recklessly!
You are too injured to fight recklessly!
You are too injured to fight recklessly!
You are too injured to fight recklessly!
You are too injured to fight recklessly!
You are too injured to fight recklessly!
You are too injured to fight recklessly!
You are too injured to fight recklessly!
Unknown command.
You slash the goblin!
You kill the goblin!
You completely miss the ogre. You hit the iguana but do no damage.
The ogre hits you with a +0 giant club.
The iguana bites you but does no damage.
The iguana bites you!
* * * LOW HITPOINT WARNING * * *
You slash the iguana!
You kill the iguana!
You hit the ogre.
The ogre hits you with a +0 giant club!!
Ouch! That really hurt!
You die...

......................#.........#
..................)..............
##...............................
#.........................##.....
##..#...............##.... #.....
##..#........###..†####... ...##
#...#........#............ ..#
##....................>##.
##.............@.....##
#.............†O).....#
#...........##..........
#..#...#.................
####..##.##.............. #... #
.............. ##...
.###.......... #. #..#...#..


You could see an ogre.

Vanquished Creatures
  Grinder (D:4)
  Pargi (Sewer)
  An iguana (D:4)
  Jessica (D:3)
  5 adders
  A river rat (D:3)
  3 worms
  2 orcs
  8 bats
  6 endoplasms
  4 giant cockroaches
  4 hobgoblins
  2 jackals (D:2)
  9 quokkas
  3 ball pythons
  3 frilled lizards
  9 goblins
  8 kobolds
  3 rats
74 creatures vanquished.

Notes
Turn   | Place    | Note
-------+----------+-------------------------------------------
     0 | D:1      | Newt the Demonspawn Gladiator began the quest for the Orb.
     0 | D:1      | Reached XP level 1. HP: 16/16 MP: 1/1
    85 | D:1      | Reached skill level 1 in Stealth
   138 | D:1      | Gained mutation: You are partially covered in yellow
                  | scales. (AC +2) [demonic ancestry]
   138 | D:1      | Reached XP level 2. HP: 22/22 MP: 2/2
   832 | D:2      | Gained mutation: You are mostly covered in yellow scales.
                  | (AC +3) [demonic ancestry]
   832 | D:2      | Reached XP level 3. HP: 5/29 MP: 3/3
  1476 | D:2      | Got Practicing Gnosis
  1712 | D:2      | Found a shimmering blue altar of Sif Muna.
  2191 | D:3      | Reached XP level 4. HP: 16/37 MP: 4/4
  2221 | D:3      | Found a glowing drain.
  2241 | Sewer    | Entered a sewer
  2467 | Sewer    | Noticed Pargi
  2489 | Sewer    | Killed Pargi
  2490 | Sewer    | Reached skill level 2 in Axes
  2490 | Sewer    | Gained mutation: You have sharp fingernails. [demonic
                  | ancestry]
  2490 | Sewer    | Reached XP level 5. HP: 14/42 MP: 5/5
  2628 | D:3      | Identified a scroll of acquirement
  2628 | D:3      | Acquired 949 gold pieces
  2749 | D:3      | Noticed Jessica
  2753 | D:3      | Reached skill level 3 in Axes
  2757 | D:3      | Killed Jessica
  3240 | D:4      | Found a burning altar of Makhleb.
  3373 | D:4      | Noticed Grinder
  3391 | D:4      | Killed Grinder
  3392 | D:4      | Reached skill level 5 in Axes
  3392 | D:4      | Gained mutation: You have very sharp fingernails. [demonic
                  | ancestry]
  3392 | D:4      | Reached XP level 6. HP: 31/48 MP: 6/6
  3506 | D:4      | Mangled by an ogre

Illustrated notes

Levels and vault maps discovered:
D:1:      minmay_arrival_shoal_huts, layout_loops_ring
D:2:      layout_loops_ring, basic_altar
D:3:      minmay_angry_zag, layout_loops_ring, gup_sewer_entry_spiral,
          grunt_decor_mini_mirrors, due_unseen_surprise, uniq_jessica
D:4:      layout_cave_pools, bloody_makhleb, uniq_grinder

Skill      XL: |  1  2  3  4  5 |
---------------+----------------+-----
Stealth        | 1 |  1.5
Fighting       | 3 4 |  4.0
Axes           | 2 5 |  5.2
Short Blades   | |  2.6
Throwing       | |  1.7
Dodging        | |  2.6

Action                     |  1- 3 |  4- 6 || total
---------------------------+-------+-------++-------
  Melee: Rapier            |    36 |       ||    36
         Punch             |     1 |     2 ||     3
         Hand axe          |    84 |   135 ||   219
  Throw: Javelin           |     1 |       ||     1
         Throwing net      |       |     2 ||     2
    Use: Scroll            |     6 |     4 ||    10
   Stab: Sleeping          |     2 |     1 ||     3
         Held in net/web   |       |     2 ||     2
 Armour: Leather armour    |    57 |    41 ||    98
         Troll leather arm |       |    39 ||    39
  Dodge: Dodged            |    98 |   109 ||   207

Table legend: (Time is in decaauts)
 A = Elapsed time spent in this place.
 B = Non-inter-level travel time spent in this place.
 C = Inter-level travel time spent in this place.
 D = Time resting spent in this place.
 E = Time spent auto-exploring this place.
 F = Levels seen in this place.
 G = Mean time per level.
                   A        B        C        D        E       F      G
               +--------+--------+--------+--------+--------+-----+--------+
         Total |   3722 |   3623 |     99 |    682 |   2157 |   5 |  744.4 |
       Dungeon |   3310 |   3211 |     99 |    496 |   2029 |   4 |  827.5 |
         Sewer |    411 |    411 |      0 |    186 |    128 |   1 |  411.0 |
               +--------+--------+--------+--------+--------+-----+--------+

Top non-repeatable levels by time:
     D:2: 1254 daAuts
     D:3: 896 daAuts
     D:1: 734 daAuts
     D:4: 426 daAuts
   Sewer: 411 daAuts
